 Dungeon Crawl Stone Soup version 0.23.0-3-gf3c87f2 (webtiles) character file.

Game seed: 14139626037108861670

127 Borgoz the Vexing (level 5, 0/39 HPs)
             Began as a Ghoul Enchanter on Feb 25, 2019.
             Splashed by a jelly's acid (7 damage)
             ... on level 3 of the Dungeon.
             The game lasted 00:08:03 (3043 turns).

Borgoz the Vexing (Ghoul Enchanter)                 Turns: 3043, Time: 00:08:04

Health: 0/39       AC: -8    Str: 12    XL:     5   Next: 11%
Magic:  7/7        EV: 12    Int: 10    God:
Gold:   181        SH:  0    Dex: 10    Spells: 5/8 levels left

rFire    . . .     SeeInvis .   f - +4 short sword
rCold    + . .     Gourm    .   (no shield)
rNeg     + + +     Faith    .   m - +0 leather armour
rPois    ∞         Spirit   .   (no helmet)
rElec    .         Reflect  .   (no cloak)
rCorr    .         Harm     .   (no gloves)
MR       .....                  (no boots)
Stlth    +.........             (no amulet)
HPRegen  0.00/turn              n - +1 ring of protection
MPRegen  0.10/turn              (no ring)

@: confused, corroded, rotting
A: rotting body, claws 1, carnivore, cold resistance 1, negative energy
resistance 3, inhibited regeneration, torment resistance, unbreathing
a: no special abilities


You were on level 3 of the Dungeon.
You were not hungry.

You visited 1 branch of the dungeon, and saw 4 of its levels.

You collected 181 gold pieces.

Inventory:

Hand Weapons
 e - a +3 dagger
 f - a +4 short sword (weapon)
Missiles
 h - 35 poisoned needles
Armour
 m - a +0 leather armour (worn)
Jewellery
 n - a +1 ring of protection (left claw)
Scrolls
 b - a scroll of enchant weapon {unknown}
 c - a scroll of immolation {unknown}
 g - a scroll of random uselessness {unknown}
 i - a scroll of teleportation
 j - a scroll of magic mapping {unknown}
 k - a scroll of remove curse {unknown}
 l - a scroll of fog {unknown}
 q - a scroll of blinking {unknown}
Comestibles
 a - 4 chunks of flesh
 d - 6 rations


   Skills:
 + Level 0.4 Fighting
 * Level 2.3 Short Blades
 + Level 2.4 Dodging
 + Level 3.2 Stealth
 + Level 2.2 Spellcasting
 * Level 3.3 Hexes


You had 5 spell levels left.
You knew the following spells:

 Your Spells              Type           Power        Failure   Level  Hunger
a - Corona                Hex            #......      10%         1    ##.....
b - Ensorcelled Hibernat  Hex/Ice        #.....       28%         2    ###....

Your spell library contained the following spells:

 Spells                   Type           Power        Failure   Level  Hunger
 Confuse                  Hex            #.......     28%         3    ####...
 Tukima's Dance           Hex            #.......     28%         3    ####...
 Dazzling Spray           Conj/Hex       #.....       50%         3    ####...


Dungeon Overview and Level Annotations

Branches:
Dungeon (4/15)
 Temple: D:4-7

Altars:
Okawaru
Qazlal


Innate Abilities, Weirdness & Mutations

Your body is rotting away.
You thrive on raw meat.
You are immune to poison.
You have sharp fingernails.
You are carnivorous and can eat meat at any time.
Your flesh is cold resistant. (rC+)
You are immune to negative energy. (rN+++)
You do not regenerate when monsters are visible.
You are immune to unholy pain and torment.
You can survive without breathing.


Message History

Aim: a jelly (chance to defeat MR: 50%)
The jelly resists with significant effort.
You hit the jelly.
Your claws burn!
The jelly is lightly wounded.
The jelly completely misses you.
You hit the jelly. The acid corrodes you!
Your claws burn!
The jelly is heavily wounded.
The jelly hits you. The acid corrodes you!
You are splashed with acid!
You completely miss the jelly.
The jelly is heavily wounded.
The jelly completely misses you.
You hit the jelly.
Your claws burn!
The jelly is severely wounded.
The jelly hits you.
You are splashed with acid.
* * * LOW HITPOINT WARNING * * *
You are confused.
You feel invigorated. The jelly hits you.
* * * LOW HITPOINT WARNING * * *
The acid corrodes you!
You are splashed with acid!
You die...

.. .##$#
....
#..###
#....##
#.... #
#.#.##.#
#..J@..#
#..>##.#
#.### #
#. #. #.
#. #. #.


You could see a jelly.

Vanquished Creatures
  A worker ant (D:4)
  4 gnolls (D:2)
  An adder (D:3)
  A worm (D:2)
  A dart slug (D:1)
  A leopard gecko (D:1)
  4 giant cockroaches
  6 hobgoblins
  4 jackals (D:2)
  2 quokkas
  A ball python (D:4)
  4 bats
  5 frilled lizards
  7 goblins
  5 kobolds
  2 rats (D:1)
49 creatures vanquished.

Notes
Turn   | Place    | Note
-------+----------+-------------------------------------------
     0 | D:1      | Borgoz the Ghoul Enchanter began the quest for the Orb.
     0 | D:1      | Reached XP level 1. HP: 14/14 MP: 2/2
    85 | D:1      | Reached skill level 1 in Short Blades
   313 | D:1      | Reached XP level 2. HP: 19/20 MP: 3/3
   673 | D:1      | Learned a level 2 spell: Ensorcelled Hibernation
   932 | D:1      | Reached XP level 3. HP: 25/26 MP: 4/4
  1827 | D:2      | Reached XP level 4. HP: 15/33 MP: 1/6
  2427 | D:3      | Noticed a hippogriff
  2439 | D:4      | Found a stormy altar of Qazlal.
  2925 | D:4      | Found an iron altar of Okawaru.
  2934 | D:4      | Reached XP level 5. HP: 26/39 MP: 7/7
  3043 | D:3      | Splashed by a jelly's acid

Skill      XL: |  1  2  3 |
---------------+----------+-----
Short Blades   | 1 2 |  2.3
Dodging        | 2 |  2.4
Spellcasting   | 2 |  2.2
Hexes          | 3 |  3.3
Fighting       | |  0.4
Stealth        | |  3.2

Action                   |  1- 3 |  4- 6 || total
-------------------------+-------+-------++-------
Melee: Dagger            |    53 |       ||    53
       Short sword       |    27 |    59 ||    86
 Cast: Corona            |    26 |    13 ||    39
       Ensorcelled Hiber |       |     2 ||     2
  Use: Scroll            |     2 |     1 ||     3
       Potion            |     1 |     6 ||     7
 Stab: Sleeping          |     6 |     2 ||     8
  Eat: Chunk             |     5 |     5 ||    10
Armor: Robe              |     7 |       ||     7
       Leather armour    |    13 |    10 ||    23
Dodge: Dodged            |    42 |    46 ||    88
